 Dungeon Crawl Stone Soup version 0.25-a0-517-gf8b3a32422 (webtiles) character file.

Game seed: 5767858400431702269, levelgen mode: classic

25127 EnegeticOcto the Cleaver (level 12, -30/106 HPs)
             Began as a Deep Dwarf Fighter on Feb 17, 2020.
             Was a High Priest of Makhleb.
             Annihilated by a titanic slime creature (79 damage)
             ... on level 13 of the Dungeon.
             The game lasted 00:06:21 (7913 turns).

EnegeticOcto the Cleaver (Deep Dwarf Fighter)       Turns: 7913, Time: 00:06:21

Health: -30/106    AC: 19    Str: 24    XL:     12   Next: 86%
Magic:  7/7        EV: 10    Int: 10    God:    Makhleb [*****.]
Gold:   628        SH: 12    Dex: 12    Spells: 11/11 levels left

rFire    . . .     SeeInvis .   a - +1 war axe
rCold    . . .     Gourm    .   c - +0 kite shield
rNeg     . . .     Faith    .   g - +0 plate armour
rPois    .         Spirit   .   z - +1 hat {MR+}
rElec    .         Reflect  .   r - +0 cloak
rCorr    .         Harm     .   h - +0 pair of gloves
MR       ++...                  f - +0 pair of boots
Stlth    ..........             (no amulet)
HPRegen  0.00/turn              (no ring)
MPRegen  0.10/turn              (no ring)

@: non-regenerating
A: damage resistance, heal wounds, frail 1, sense surroundings 2, MP-powered
wands, no regeneration
a: Heal Wounds, Minor Destruction, Lesser Servant of Makhleb, Major Destruction,
Greater Servant of Makhleb, Renounce Religion


You were on level 13 of the Dungeon.
You worshipped Makhleb.
Makhleb was extremely pleased with you.
You were not hungry.

You visited 2 branches of the dungeon, and saw 14 of its levels.

You collected 628 gold pieces.

Inventory:

Hand Weapons
 a - a +1 war axe (weapon)
 D - a +2 short sword of distortion
Armour
 c - a +0 kite shield (worn)
 f - a +0 pair of boots (worn)
 g - a +0 plate armour (worn)
 h - a +0 pair of gloves (worn)
 r - a +0 cloak (worn)
 z - a +1 hat of magic resistance (worn)
Wands
 b - a wand of disintegration (10)
 B - a wand of paralysis (9)
 C - a wand of flame (5)
Scrolls
 j - 8 scrolls of remove curse {@r6}
 l - a scroll of identify {@r1}
 m - 2 scrolls of magic mapping {@r5}
 p - 2 scrolls of immolation {@r4}
 q - 2 scrolls of blinking {@r3}
 s - 2 scrolls of teleportation {@r2}
 x - a scroll of fear
 y - a scroll of enchant armour
Potions
 d - 8 potions of curing {@q1}
 i - 4 potions of berserk rage
 k - a potion of might {@q3}
 n - 4 potions of haste {@q4}
 o - 3 potions of cancellation
 t - 3 potions of agility
 u - a potion of degeneration {unknown}
 v - 2 potions of resistance {unknown}
 A - a potion of flight {unknown}
 E - a potion of heal wounds {unknown}
 F - a potion of invisibility {unknown}
Comestibles
 e - 18 rations


   Skills:
 * Level 10.7 Fighting
 * Level 12.3 Axes
 + Level 9.4 Armour
 + Level 8.7 Dodging
 + Level 9.3 Shields
 + Level 8.6 Invocations


You had 11 spell levels left.
You didn't know any spells.
Your spell library contained the following spells:

 Spells                   Type           Power        Failure   Level  Hunger
 Animate Skeleton         Necr           N/A          100%        1    ##.....
 Apportation              Tloc           #.....       100%        1    ##.....
 Corona                   Hex            #......      100%        1    ##.....
 Summon Small Mammal      Summ           #...         100%        1    ##.....


Dungeon Overview and Level Annotations

Branches:
Dungeon (13/15)            Temple (1/1) D:6            Lair (0/6) D:10
    Orc (0/2) D:11
 Vaults: D:13-14

Altars:
Ashenzari
Cheibriados
Dithmenos
Elyvilon
Fedhas
Gozag
Hepliaklqana
Kikubaaqudgha
Makhleb
Nemelex Xobeh
Okawaru
Qazlal
Ru
Sif Muna
Trog
Uskayaw
Vehumet
Wu Jian
Xom
Yredelemnul
The Shining One

Shops:
D:10 }

Annotations:
D:6 Prince Ribbit
D:9 exclusion: orange crystal statue


Innate Abilities, Weirdness & Mutations

You are resistant to damage.
You can heal yourself by infusing magical energy.
You passively map the area around you.
You do not regenerate.
You are frail. (-10% HP)
You expend magic power (3 MP) to strengthen your wands.


Message History

There is a shadowy altar of Dithmenos here.
A hungry ghost comes into view.
A hungry ghost is nearby!
A hungry ghost is nearby!
A hungry ghost is nearby!
A hungry ghost is nearby!
A hungry ghost is nearby!
A hungry ghost is nearby!
You block the hungry ghost's attack.
You miss the hungry ghost. The hungry ghost hits you.
You feel a lot more hungry.
You barely miss the hungry ghost. The hungry ghost hits you.
You are feeling very hungry.
You slice the hungry ghost!!
The hungry ghost is severely damaged.
The hungry ghost hits you.
You feel quite a bit more hungry.
You miss the hungry ghost.
The hungry ghost is severely damaged.
The hungry ghost hits you.
You are near starving!
You slash the hungry ghost!
You destroy the hungry ghost!
Makhleb accepts your kill.
No target in view!
No target in view!
No target in view!
No target in view!
No target in view!
No target in view!
No target in view!
No target in view!
No target in view!
No target in view!
No target in view!
Eating one of 3 chunks of flesh.
You eat one of the 3 chunks of flesh.
This raw flesh tastes terrible.
You are feeling hungry.
Eating one of 2 chunks of flesh.
You eat one of the 2 chunks of flesh.
This raw flesh tastes terrible.
There is an open door here.
There is an open door here.
There is an open door here.
A slime creature comes into view.
The slime creature quivers.
All of the chunks of flesh in your inventory have rotted away.
A slime creature is nearby!
A slime creature is nearby!
A slime creature is nearby!
A slime creature is nearby!
A slime creature is nearby!
You slice the slime creature!!
The slime creature is heavily wounded.
A slime creature comes into view.
You slash the slime creature!
The slime creature is heavily wounded.
The slime creature hits you but does no damage.
You slash the slime creature!
The slime creature is severely wounded.
The slime creature hits you but does no damage.
Two slime creatures merge to form a large slime creature.
You hit the large slime creature.
The large slime creature is moderately wounded.
You slash the large slime creature!
The large slime creature is heavily wounded.
A slime creature comes into view.
The slime creature quivers.
You slice the large slime creature!!
The large slime creature is heavily wounded.
The large slime creature hits you!!
A slime creature comes into view.
You hit the large slime creature.
The large slime creature is severely wounded.
You block the large slime creature's attack.
Two slime creatures merge to form a very large slime creature.
You slash the very large slime creature!
The very large slime creature is heavily wounded.
A slime creature comes into view.
Two slime creatures merge to form an enormous slime creature.
You slash the enormous slime creature!
The enormous slime creature is moderately wounded.
The enormous slime creature hits you!!!
You slice the enormous slime creature!!
The enormous slime creature is heavily wounded.
You block the enormous slime creature's attack.
Two slime creatures merge to form a titanic slime creature.
Your plate armour prevents you from hitting the titanic slime creature.
The titanic slime creature is moderately wounded.
You hit the titanic slime creature but do no damage.
The titanic slime creature is moderately wounded.
You slice the titanic slime creature!!
The titanic slime creature is heavily wounded.
The titanic slime creature closely misses you.
You hit the titanic slime creature but do no damage.
The titanic slime creature is heavily wounded.
The titanic slime creature barely misses you.
Your shield and plate armour prevent you from hitting the titanic slime creature.
The titanic slime creature is heavily wounded.
The titanic slime creature hits you!!!!
Ouch! That really hurt!
You die...

* ***
########### ,,
** #.........# *
#@#######.# ,,
#J# #.# , , ***
#.# ### #.######
* , ...,..#
#.##...### * ,,
**#.# #.#
#.##....). * #.#
#.# #.##...###
,*
#.###.###.###.##
* * #.........#
#.# ,,
#####.##### #.#


You could see a titanic slime creature.

Vanquished Creatures
  Gastronok (D:8)
  Kirke (D:13)
  A centaur warrior (D:13)
  3 two-headed ogres
  3 unseen horrors
  An obsidian statue (D:9)
  2 ugly things
  A cyclops (D:12)
  A manticore (D:13)
  2 gargoyles
  A komodo dragon (D:10)
  2 trolls
  A hornet (D:12)
  12 slime creatures
  Grinder (D:6)
  2 hippogriffs
  A vampire (D:12)
  A wraith (D:12)
  A human (D:7)
  7 yaks
  9 hogs
  2 wyverns
  4 hungry ghosts
  3 vampire mosquitoes (D:12)
  A steam dragon (D:11)
  Edmund (D:6)
  Duvessa (D:4)
  A soldier ant (D:11)
  A water moccasin (D:9)
  An orc warrior (D:7)
  2 black bears (D:8)
  An eye of draining (D:12)
  3 phantoms
  3 ogres
  8 centaurs
  3 necrophages
  A crocodile (D:9)
  Blork the orc (D:4)
  5 bullfrogs
  A gnoll sergeant (D:13)
  Dowan (D:4)
  A wyvern skeleton (D:6)
  A wyvern zombie (D:13)
  4 scorpions
  14 killer bees
  4 wights (D:11)
  4 howler monkeys
  5 crimson imps
  4 bullfrog zombies
  6 centaur zombies
  A quasit (D:7)
  A gnoll shaman (D:6)
  5 jellies
  8 orc priests
  7 hounds
  7 bullfrog skeletons
  2 centaur skeletons
  Crazy Yiuf (D:7)
  8 orc wizards
  4 iguanas
  8 worker ants
  2 hound zombies (D:6)
  3 hound skeletons
  A worker ant zombie (D:6)
  A howler monkey skeleton (D:9)
  11 gnolls
  13 adders
  2 shadow imps
  10 oozes (D:6)
  3 adder zombies
  2 adder skeletons (D:4)
  A worm (D:3)
  3 dart slugs
  3 leopard geckos
  34 orcs
  2 ball pythons
  2 bats (D:3)
  A giant cockroach (D:1)
  5 goblins
  4 hobgoblins
  11 jackals
  7 quokkas
  A ball python skeleton (D:4)
  3 frilled lizards
  2 kobolds (D:3)
  A leopard gecko skeleton (D:4)
  2 leopard gecko zombies
  A quokka skeleton (D:6)
  A quokka zombie (D:5)
  3 rats (D:3)
328 creatures vanquished.

Vanquished Creatures (others)
  4 fungi (D:6)
  A plant (D:10)
5 creatures vanquished.

Grand Total: 333 creatures vanquished

Notes
Turn   | Place    | Note
-------+----------+-------------------------------------------
     0 | D:1      | EnegeticOcto the Deep Dwarf Fighter began the quest for the
                  | Orb.
     0 | D:1      | Reached XP level 1. HP: 20/20 MP: 1/1
   142 | D:2      | Reached XP level 2. HP: 27/27 MP: 2/2
   284 | D:2      | Reached XP level 3. HP: 22/34 MP: 3/3
   353 | D:2      | Reached skill level 1 in Dodging
   578 | D:3      | Reached skill level 3 in Axes
   675 | D:3      | Reached XP level 4. HP: 37/42 MP: 4/4
   769 | D:3      | Reached XP level 5. HP: 38/49 MP: 5/5
  1211 | D:4      | Reached skill level 4 in Axes
  1258 | D:4      | Reached XP level 6. HP: 43/57 MP: 5/5
  1314 | D:4      | Noticed Blork the orc
  1332 | D:4      | Killed Blork the orc
  1376 | D:4      | Reached XP level 7. HP: 45/66 MP: 6/6
  1414 | D:4      | Noticed Duvessa
  1415 | D:4      | Noticed Dowan
  1435 | D:4      | Killed Duvessa
  1435 | D:4      | Reached skill level 5 in Axes
  1436 | D:4      | Killed Dowan
  1652 | D:5      | Entered Level 5 of the Dungeon
  1689 | D:5      | Reached skill level 5 in Fighting
  1689 | D:5      | Reached skill level 5 in Armour
  2023 | D:5      | Reached XP level 8. HP: 53/74 MP: 7/7
  2193 | D:6      | Reached skill level 5 in Shields
  2239 | D:6      | Reached skill level 6 in Axes
  2503 | D:6      | Noticed a slime creature
  2526 | D:6      | Killed a slime creature
  2623 | D:6      | Found a staircase to the Ecumenical Temple.
  2633 | D:6      | Noticed Grinder
  2645 | D:6      | Killed Grinder
  2645 | D:6      | Reached skill level 7 in Axes
  2663 | Temple   | Entered the Ecumenical Temple
  2721 | Temple   | Became a worshipper of Makhleb the Destroyer
  2836 | D:6      | Noticed Edmund
  2862 | D:6      | Killed Edmund
  2862 | D:6      | Gained mutation: You passively map the area around you.
                  | [Deep Dwarf growth]
  2862 | D:6      | Reached XP level 9. HP: 65/84 MP: 8/8
  2908 | D:6      | Reached skill level 1 in Invocations
  2968 | D:6      | Noticed Prince Ribbit
  3265 | D:7      | Reached * piety under Makhleb
  3324 | D:7      | Found a runed translucent door.
  3325 | D:7      | Noticed Crazy Yiuf
  3490 | D:7      | Reached skill level 5 in Dodging
  3511 | D:7      | Reached skill level 8 in Axes
  3779 | D:7      | Killed Crazy Yiuf
  3818 | D:8      | Noticed Gastronok
  3865 | D:8      | Killed Gastronok
  3865 | D:8      | Reached skill level 9 in Axes
  3865 | D:8      | Reached XP level 10. HP: 85/96 MP: 7/9
  4050 | D:8      | Noticed a two-headed ogre
  4066 | D:8      | Killed a two-headed ogre
  4066 | D:8      | Reached skill level 5 in Invocations
  4145 | D:8      | Found a radiant altar of Vehumet.
  4197 | D:8      | Found a shimmering altar of Xom.
  4243 | D:8      | Reached ** piety under Makhleb
  4646 | D:9      | Reached XP level 11. HP: 85/104 MP: 10/10
  4725 | D:9      | Noticed an obsidian statue
  4753 | D:9      | Gained mutation: You are frail. (-10% HP) [a neqoxec]
  4759 | D:9      | Gained mutation: You expend magic power (3 MP) to
                  | strengthen your wands. [a neqoxec]
  4763 | D:9      | Killed an obsidian statue
  4763 | D:9      | Reached skill level 10 in Axes
  4989 | D:9      | Noticed an orange crystal statue
  5236 | D:10     | Entered Level 10 of the Dungeon
  5313 | D:10     | Found a staircase to the Lair.
  5318 | D:10     | Reached *** piety under Makhleb
  5430 | D:10     | Found Penol's Gadget Emporium.
  5703 | D:10     | Killed an unseen horror
  5959 | D:11     | Killed an unseen horror
  5978 | D:11     | Found a staircase to the Orcish Mines.
  6505 | D:11     | Noticed a two-headed ogre
  6518 | D:11     | Killed a two-headed ogre
  6518 | D:11     | Reached skill level 11 in Axes
  6657 | D:11     | Reached **** piety under Makhleb
  6761 | D:12     | Reached XP level 12. HP: 89/104 MP: 7/7
  6788 | D:12     | Paralysed by a hornet for 2 turns
  6922 | D:12     | Reached skill level 10 in Fighting
  7397 | D:13     | Reached ***** piety under Makhleb
  7451 | D:13     | Found a shadowy altar of Dithmenos.
  7496 | D:13     | Noticed a centaur warrior
  7505 | D:13     | Killed a centaur warrior
  7565 | D:13     | Noticed a two-headed ogre
  7573 | D:13     | Killed a two-headed ogre
  7573 | D:13     | Reached skill level 12 in Axes
  7641 | D:13     | Noticed Kirke
  7678 | D:13     | Killed Kirke
  7913 | D:13     | Annihilated by a titanic slime creature

Levels and vault maps discovered:
D:1:      minmay_arrival_arboretum_small, layout_basic
D:2:      layout_loops_corners, first_ration
D:3:      layout_rooms, minmay_fractal_squares_diagonal_5
D:4:      layout_basic, uniq_duvessa, uniq_blork_the_orc
D:5:      layout_basic
D:6:      lemuel_slime, layout_loops_ring, minmay_temple_entry_glassed_door,
          serial_undead, serial_undead_a, serial_undead_a, serial_undead_c,
          serial_undead_b, serial_undead_b, serial_undead_f, uniq_edmund,
          uniq_grinder, uniq_prince_ribbit1
D:7:      layout_basic, grunt_livestock, uniq_crazy_yiuf_cottage
D:8:      layout_basic, overflow_temple_1_default, basic_altar, uniq_gastronok
D:9:      minmay_separated_statues, layout_loops_cross
D:10:     layout_roguey, david_lair_shrubbed, serial_shops, shop
D:11:     layout_long_grid, orc_0_dummy
D:12:     layout_rooms
D:13:     layout_loops_corners, david_vaults_2, nicolae_dithmenos_the_darkroom,
          uniq_kirke
Temple:   compressed_dpeg_circular_temple

Skill      XL: |  1  2  3  4  5  6  7  8  9 10 11 12 |
---------------+-------------------------------------+-----
Fighting       | 3 4 5 6 7 8 9 10 | 10.7
Dodging        | 1 2 3 4 6 7 8 |  8.7
Axes           | 3 4 5 7 9 11 12 | 12.3
Armour         | 4 5 6 7 8 9 |  9.4
Shields        | 4 5 7 8 9 |  9.3
Invocations    | 4 5 7 8 |  8.6

Action                   |  1- 3 |  4- 6 |  7- 9 | 10-12 || total
-------------------------+-------+-------+-------+-------++-------
Melee: War axe           |    80 |   159 |   487 |   925 ||  1651
 Abil: Heal Wounds       |     2 |     3 |    20 |    26 ||    51
  Use: Scroll            |       |       |       |    17 ||    17
  Eat: Chunk             |       |     2 |     6 |    17 ||    25
       Ration            |       |       |     1 |     5 ||     6
Armor: Scale mail        |    15 |       |       |       ||    15
       Plate armour      |    28 |   104 |   470 |   688 ||  1290
Dodge: Dodged            |    15 |    50 |   225 |   341 ||   631
Block: Kite shield       |    76 |    87 |   378 |   579 ||  1120

Table legend:
 A = Non-vault XP
 B = Vault XP
 C = Vault XP percentage of total XP
 D = Non-vault monster count
 E = Vault monster count
 F = Vault count percentage of total count
                 A         B        C        D         E       F
            +---------+---------+-------+---------+---------+-------
      Total |   26679 |    9218 |  25.7 |     278 |      50 |  15.2
            +---------+---------+-------+---------+---------+-------
        D:1 |       6 |       0 |   0.0 |       2 |       0 |   0.0
        D:2 |      60 |       0 |   0.0 |      11 |       0 |   0.0
        D:3 |     153 |       5 |   3.2 |      27 |       3 |  10.0
        D:4 |     477 |     331 |  41.0 |      21 |       3 |  12.5
        D:5 |     407 |       0 |   0.0 |      13 |       0 |   0.0
        D:6 |     393 |    1261 |  76.2 |      19 |      28 |  59.6
        D:7 |     832 |    1004 |  54.7 |      19 |       6 |  24.0
        D:8 |    2034 |    2224 |  52.2 |      26 |       1 |   3.7
        D:9 |    2428 |     692 |  22.2 |      22 |       1 |   4.3
       D:10 |    3783 |     383 |   9.2 |      32 |       1 |   3.0
       D:11 |    3829 |       0 |   0.0 |      29 |       0 |   0.0
       D:12 |    6068 |       0 |   0.0 |      30 |       0 |   0.0
       D:13 |    6209 |    3318 |  34.8 |      27 |       7 |  20.6
            +---------+---------+-------+---------+---------+-------
